 Dungeon Crawl Stone Soup version 0.30-b1-2-g02819fbbbe (webtiles) character file.

Game seed: 5445800643285571642

484 Mesmaeker13 the Gusty (level 7, -2/36 HPs)
             Began as a Tengu Air Elementalist on July 12, 2023.
             Slain by a gnoll
             ... wielding a +0 whip
             ... led by a gnoll bouda
              (5 damage)
             ... on level 4 of the Dungeon.
             The game lasted 00:07:01 (5241 turns).

Mesmaeker13 the Gusty (Tengu Air Elementalist)      Turns: 5241, Time: 00:07:02

Health: -2/36      AC:  3    Str:  8    XL:     7   Next: 12%
Magic:  5/14       EV: 14    Int: 17    God:
Gold:   218        SH:  0    Dex: 15    Spells: 11/14 levels left

rFire   . . .        g - +0 short sword (vamp)
rCold   . . .        (no shield)
rNeg    . . .        a - +0 robe
rPois   .            (helmet restricted)
rElec   .            (no cloak)
rCorr   .            h - +0 pair of gloves
SInv    .            (boots unavailable)
Will    +....        (no amulet)
Stlth   ++           d - ring of willpower
HPRegen 0.26/turn    (no ring)
MPRegen 0.14/turn

%: no passive effects
@: flying quickly and evasively, quick
A: beak, talons 3, nimble flight
a: no special abilities


You were on level 4 of the Dungeon.
You visited 1 branch of the dungeon, and saw 4 of its levels.
You also visited: Sewer.

You collected 218 gold pieces.

Inventory:

Hand Weapons
 g - a +0 vampiric short sword (weapon)
Missiles
 q - 7 poisoned darts
Armour
 a - a +0 robe (worn)
 h - a +0 pair of gloves (worn)
Jewellery
 d - a ring of willpower (left hand)
Wands
 s - a wand of paralysis (2)
Scrolls
 f - a scroll of noise
 i - a scroll of immolation
 j - a scroll of brand weapon {unknown}
 k - a scroll of magic mapping {unknown}
 o - a scroll of poison {unknown}
 p - a scroll of fear {unknown}
 r - a scroll of blinking
 t - 2 scrolls of enchant armour {unknown}
Potions
 b - a potion of magic
 e - 2 potions of heal wounds
 l - 2 potions of degeneration {unknown}
 m - 4 potions of curing {unknown}
 n - a potion of haste {unknown}


   Skills:
 - Level 2.1 Dodging
 - Level 2.0 Stealth
 + Level 4.1 Spellcasting
 + Level 5.5 Conjurations
 + Level 6.8 Air Magic


You had 11 spell levels left.
You knew the following spells:

 Your Spells              Type           Power      Damage    Failure   Level
a - Shock                 Conj/Air       96%        1d9       1%          1
b - Static Discharge      Conj/Air       48%        2-4/arc   1%          2

Your spell library contained the following spells:

 Spells                   Type           Power      Damage    Failure   Level
 Swiftness                Air            26%        N/A       2%          3
 Cigotuvi's Dreadful Rot  Necr/Pois/Air  22%        N/A       10%         2
 Airstrike                Air            13%        2d(2-18)  10%         4
 Portal Projectile        Hex/Tloc       6%         N/A       43%         3
 Tukima's Dance           Hex            3%         N/A       43%         3
 Dispel Undead            Necr           3%         3d7       83%         4
 Blade Hands              Tmut           1%         N/A       99%         5
 Death Channel            Necr           1%         N/A       100%        6


Dungeon Overview and Level Annotations

Branches:
Dungeon (4/15)              Sewer (visited)
 Temple: D:4-7

Altars:
Okawaru

Shops:
D:2 :


Innate Abilities, Weirdness & Mutations

You have a beak for a mouth.
You have claws for feet.
Your magical nature lets you fly swiftly and evasively.


Message History

Unknown command.
Casting: Shock (safe; 1% risk of failure)
Confirm with . or Enter, or press ? or * to list all spells.
The gnoll bouda is struck by an arc of lightning.
The gnoll bouda is heavily wounded.
The gnoll is struck by an arc of lightning.
The gnoll is heavily wounded.
The gnoll bouda is struck by an arc of lightning.
The gnoll bouda is almost dead.
The gnoll is struck by an arc of lightning.
The gnoll is severely wounded.
The lightning grounds out.
The gnoll hits you from afar with a +0 spear.
Casting: Static Discharge (safe; 1% risk of failure)
Confirm with . or Enter, or press ? or * to list all spells.
The gnoll bouda is struck by an arc of lightning.
You kill the gnoll bouda!
The gnoll is struck by an arc of lightning.
The gnoll is lightly wounded.
The lightning grounds out.
The gnoll hits you from afar with a +0 spear!
The gnoll closely misses you.
Casting: Static Discharge (safe; 1% risk of failure)
Confirm with . or Enter, or press ? or * to list all spells.
Aiming: Shock (safe; 1% risk of failure)
Press: ? - help, Shift-Dir - straight line The zap hits the gnoll.
The gnoll is heavily wounded.
The zap hits the gnoll.
You kill the gnoll!
The gnoll hits you with a +0 whip!
* * * LOW HITPOINT WARNING * * *
Casting: Shock (safe; 1% risk of failure)
Confirm with . or Enter, or press ? or * to list all spells.
Aiming: Shock (safe; 1% risk of failure)
Press: ? - help, Shift-Dir - straight line The zap hits the gnoll.
The gnoll is severely wounded.
The gnoll is no longer moving quickly.
The gnoll hits you with a +0 whip.
You die...

#..................#
#(.................#
.........g........#
##......#...#.####
#......#...#.###
######...#####...### ..
#....#...# #).#...###
...#....#...#
##g####...#####
...#........# #.@#
###...'.#
............###.##
##.##...#
............##..# #..#
... ........######.##
##.## .
..#........##...### +..#
...........##+#...####.##
...........##.###...#..#
.......######...###..†##
.......# #..#...###.#


You could see a gnoll.

Vanquished Creatures
  A bullfrog (Sewer)
  A scorpion (D:4)
  2 iguanas (D:4)
  A gnoll bouda (D:4)
  Natasha (thrice) (D:2)
  5 gnolls
  4 adders
  6 worms
  4 dart slugs
  4 orcs (D:3)
  8 ball pythons
  6 bats
  2 endoplasms
  14 giant cockroaches
  12 goblins
  9 hobgoblins
  10 quokkas
  6 frilled lizards
  3 kobolds
  3 rats
104 creatures vanquished.

Vanquished Creatures (others)
  12 plants (D:2)
12 creatures vanquished.

Grand Total: 116 creatures vanquished

Notes
Turn   | Place    | Note
-------+----------+-------------------------------------------
     0 | D:1      | Mesmaeker13 the Tengu Air Elementalist began the quest for
                  | the Orb.
     0 | D:1      | Reached XP level 1. HP: 10/10 MP: 4/4
   310 | D:1      | Reached XP level 2. HP: 15/15 MP: 1/6
   479 | D:1      | Found a faded altar of an unknown god.
  1309 | D:2      | Reached XP level 3. HP: 19/19 MP: 0/7
  1453 | D:2      | Noticed Natasha
  1812 | D:2      | Reached XP level 4. HP: 24/24 MP: 0/9
  2031 | D:2      | Identified the amulet of Leqoaf {Spirit -Cast Fragile rCorr
                  | Dex+7}
  2077 | D:2      | Reached skill level 5 in Air Magic
  2349 | D:2      | Found Unlen's Vocational Training.
  2449 | D:2      | Killed Natasha
  2630 | D:2      | Noticed Natasha
  2638 | D:2      | Killed Natasha
  2639 | D:2      | Gained mutation: Your magical nature lets you fly swiftly
                  | and evasively. [Tengu growth]
  2639 | D:2      | Reached XP level 5. HP: 24/28 MP: 2/10
  2718 | D:2      | Noticed Natasha
  2725 | D:2      | Killed Natasha
  3163 | D:3      | Found a glowing drain.
  3167 | Sewer    | Entered a sewer
  3225 | Sewer    | Learned a level 2 spell: Static Discharge
  3741 | Sewer    | Reached skill level 6 in Air Magic
  3741 | Sewer    | Reached XP level 6. HP: 16/32 MP: 1/12
  4183 | D:3      | Found an iron altar of Okawaru.
  4658 | D:3      | Reached skill level 5 in Conjurations
  5041 | D:4      | Reached XP level 7. HP: 36/36 MP: 9/14
  5241 | D:4      | Slain by a gnoll

Illustrated notes

Levels and vault maps discovered:
D:1:      scummos_arrival_forest, layout_loops_ring,
          dreamdust_ecumenical_altar_hidden_monk_grotto,
          chequers_serial_rivers_small_b, minmay_misc_feat_rugged
D:2:      layout_loops_ring, serial_bayou_pond_c, dk_vineyard_3, nrook_campfire,
          eino_curves_04, nicolae_shop_vocational, uniq_natasha
D:3:      layout_basic, mainiacjoe_overflow_24_doors, gup_sewer_entry_spiral,
          minmay_goblin_outpost
D:4:      minmay_skewed_foursquare, layout_basic, eat_drink_and_be_merry_uskayaw

Skill      XL: |  1  2  3  4  5  6 |
---------------+-------------------+-----
Conjurations   | 2 3 4 5 |  5.5
Air Magic      | 5 6 |  6.8
Spellcasting   | 3 4 |  4.1
Dodging        | |  2.1
Stealth        | |  2.0

Action                     |  1- 3 |  4- 6 |  7- 9 || total
---------------------------+-------+-------+-------++-------
  Melee: Short sword       |    13 |     3 |       ||    16
         Kick              |     9 |     1 |       ||    10
         Peck              |     5 |       |       ||     5
         Punch             |     1 |       |       ||     1
   Cast: Shock             |    60 |   171 |    13 ||   244
         Static Discharge  |       |     6 |     2 ||     8
  Evoke: Wand              |       |       |     1 ||     1
    Use: Scroll            |       |     3 |       ||     3
   Stab: Sleeping          |       |     1 |       ||     1
 Armour: Robe              |     2 |     1 |       ||     3
  Dodge: Dodged            |    18 |    15 |     2 ||    35
